 Dungeon Crawl Stone Soup version 0.21.1 (webtiles) character file.

57 Jannitor the Ducker (level 3, 0/16 HPs)
             Began as a Felid Transmuter on Feb 4, 2018.
             Was an Initiate of Elyvilon.
             Slain by a river rat (8 damage)
             ... on level 3 of the Dungeon.
             The game lasted 00:05:37 (2222 turns).

Jannitor the Ducker (Felid Transmuter)              Turns: 2222, Time: 00:05:38

Health: 0/16       AC:  1    Str:  6    XL:     3   Next: 73%
Magic:  4/7        EV: 19    Int: 15    God:    Elyvilon [......]
Gold:   80         SH:  0    Dex: 16    Spells: 3/6 levels left
                                        Lives:  0   Deaths: 0

rFire    . . .     SeeInvis +     - Unarmed
rCold    . . .     Gourm    .   (shield unavailable)
rNeg     . . .     Faith    .   (armour unavailable)
rPois    .         Spirit   .   (helmet unavailable)
rElec    .         Reflect  .   (cloak unavailable)
rCorr    .         Harm     .   (gloves unavailable)
MR       .....                  (boots unavailable)
Stlth    ++........             (no amulet)
HPRegen  0.05/turn              (no ring)
MPRegen  0.10/turn              (no ring)

@: appendage, quick
A: very small, no armour, no weapons or thrown items, stealth, claws 1, fangs 3,
horns 2, see invisible, carnivore, speed 1, shaggy fur 1, slow metabolism 1,
sharp paws
a: End Transformation, Renounce Religion


You were on level 3 of the Dungeon.
You worshipped Elyvilon.
Elyvilon was noncommittal.
You were completely stuffed.
You had grown temporary horns.
You visited 1 branch of the dungeon, and saw 3 of its levels.

You collected 80 gold pieces.

Inventory:

Missiles
 a - 17 arrows
Potions
 f - a potion of curing
 g - a potion of brilliance {unknown}
 i - a potion of invisibility {unknown}
 j - a potion of might {unknown}
Books
 b - a book of Changes

   Spells                             Type                      Level
   a - Beastly Appendage              Transmutation                1
   b - Sticks to Snakes               Transmutation                2
   c - Spider Form                    Transmutation/Poison         3
   d - Ice Form                       Ice/Transmutation            4
   e - Blade Hands                    Transmutation                5
Comestibles
 c - 4 rations
 d - 5 chunks of flesh


   Skills:
 + Level 1.8 Fighting
 + Level 3.5 Dodging
 - Level 3.0 Unarmed Combat
 - Level 2.0 Spellcasting
 * Level 3.3 Transmutations
 + Level 0.8 Invocations


You had 3 spell levels left.
You knew the following spells:

 Your Spells              Type           Power        Failure   Level  Hunger
a - Beastly Appendage     Tmut           ##....       5%          1    #......
b - Sticks to Snakes      Tmut           ##......     9%          2    ###....


Dungeon Overview and Level Annotations

Branches:
Dungeon (3/15)

Altars:
Elyvilon

Portals:
Sewer: D:3


Innate Abilities, Weirdness & Mutations

You cannot wear armour.
You are incapable of wielding weapons or throwing items.
Your paws allow you to move quietly. (Stealth)
You have sharp claws.
You have razor-sharp teeth.
You have supernaturally acute eyesight. (SInv)
You are carnivorous and can eat meat at any time.
You cover ground quickly.
You are covered in fur. (AC +1)
You have a slow metabolism.
Your sharp claws are effective at attacking unaware monsters.
You have a pair of horns on your head.


Message History

The river rat bites you.
You scratch the river rat.
The river rat is heavily wounded.
Your ball python closely misses the river rat.
Your ball python constricts the river rat.
The river rat barely misses you. The rat misses you.
Unknown command.
You scratch the river rat but do no damage.
The river rat is heavily wounded.
Your ball python completely misses the river rat.
Your ball python constricts the river rat.
The river rat twitches its whiskers.
The river rat misses you. The rat bites you but does no damage.
Your ball python barely misses the river rat.
Your ball python constricts the river rat.
You scratch the river rat but do no damage.
The river rat is heavily wounded.
The river rat bites you!
Ouch! That really hurt!
You die...

######.. ####.#≈≈≈r#.#
#....#≈≈≈≈#.# #
#....#≈r∩≈#.# .#
#....#≈≈≈≈'.##.#### #.
#....#≈≈r≈#........ #.#
#....######rr...# #.#
##........S@# #.#
#........#### #.#
#....##### #.####
#.#.## .# ####.##.. #
#.# .# #.......# #.#
#.# #.##.####
#.#########.#### #.##.#
#..............##.#.#.#
#######..........###..#


You could see a river rat, a rat and a friendly ball python.

Vanquished Creatures
  2 adders (D:3)
  A dart slug (D:2)
  2 leopard geckos
  3 giant cockroaches
  4 goblins
  6 hobgoblins
  A quokka (D:3)
  A ball python (D:3)
  3 bats
  3 frilled lizards
  4 kobolds
  2 rats (D:2)
32 creatures vanquished.

Vanquished Creatures (collateral kills)
  A hobgoblin (D:3)
  A rat (D:3)
2 creatures vanquished.

Grand Total: 34 creatures vanquished

Notes
Turn   | Place    | Note
-------+----------+-------------------------------------------
     0 | D:1      | Jannitor the Felid Transmuter began the quest for the Orb.
     0 | D:1      | Reached XP level 1. HP: 9/9 MP: 4/4
     6 | D:1      | Noticed a swamp worm
     6 | D:1      | Noticed a water moccasin
   703 | D:2      | Reached XP level 2. HP: 12/12 MP: 6/6
  1376 | D:2      | Learned a level 2 spell: Sticks to Snakes
  1414 | D:2      | Found a white marble altar of Elyvilon.
  1552 | D:2      | Became a worshipper of Elyvilon the Healer
  1742 | D:3      | Reached XP level 3. HP: 9/15 MP: 1/7
  2209 | D:3      | Found a glowing drain.
  2222 | D:3      | Slain by a river rat

Skill      XL: |  1  2 |
---------------+-------+-----
Dodging        | 3 |  3.5
Transmutations | 3 |  3.3
Fighting       | |  1.8
Unarmed Combat | |  3.0
Spellcasting   | |  2.0
Invocations    | |  0.8

Action                   || total
-------------------------++-------
Melee: Unarmed           ||   110
       Bite              ||     6
       Headbutt          ||     8
       Punch             ||     1
 Cast: Beastly Appendage ||    13
       Sticks to Snakes  ||     3
  Use: Scroll            ||     4
 Stab: Sleeping          ||     5
  Eat: Chunk             ||    10
Armor: Skin              ||    11
Dodge: Dodged            ||   151
